 Dungeon Crawl Stone Soup version 0.26-a0-639-g72c4674329 (webtiles) character file.

Game seed: 1207916987517691318

4865 ANON1729 the Frost Mage (level 10, -11/63 HPs)
             Began as a Merfolk Ice Elementalist on Sept 18, 2020.
             Was a Follower of Vehumet.
             Mangled by a cyclops (31 damage)
             ... on level 9 of the Dungeon.
             The game lasted 00:23:21 (8789 turns).

ANON1729 the Frost Mage (Merfolk Ice Elementalist)  Turns: 8789, Time: 00:23:21

Health: -11/63     AC:  4    Str:  8    XL:     10   Next: 50%
Magic:  17/18      EV: 21    Int: 17    God:    Vehumet [*.....]
Gold:   289        SH:  0    Dex: 16    Spells: 5/20 levels left

rFire    x . .     SeeInvis .   H - +3 halberd
rCold    + . .     Faith    .   (shield currently unavailable)
rNeg     . . .     Spirit   .   y - +0 troll leather armour {Purgy}
rPois    .         Reflect  .   (no helmet)
rElec    .         Harm     .   w - scarf {shadows}
rCorr    .         Rampage  .   (no gloves)
MR       .....                  (no boots)
Stlth    +++.......             u - amulet of regeneration
HPRegen  1.00/turn              D - +4 ring of evasion
MPRegen  0.16/turn              B - ring of ice

@: no status effects
A: change form in water, swift swim, stealthy swim
a: Renounce Religion


You were on level 9 of the Dungeon.
You worshipped Vehumet.
Vehumet was aware of your devotion.
You visited 2 branches of the dungeon, and saw 10 of its levels.
You also visited: Sewer.

You collected 549 gold pieces.
You spent 260 gold pieces at shops.

Inventory:

Hand Weapons
 j - a +1 vorpal spear
 z - a +2 dagger of venom
 H - a +3 halberd (weapon)
 I - a cursed +3 halberd of freezing
Armour
 w - a scarf of shadows (worn)
 y - a +0 troll leather armour (worn) {Purgy}
 J - a +0 robe of magic resistance
 K - the +0 robe of Amorality {rCorr}
   (You found it on level 6 of the Dungeon)

   It provides partial protection from all sources of acid and corrosion.
Jewellery
 e - an uncursed ring of protection from cold
 f - an uncursed ring of protection from cold
 u - an amulet of regeneration (around neck)
 B - a ring of ice (right hand)
 C - an uncursed ring of stealth
 D - a +4 ring of evasion (left hand)
 E - a +6 ring of strength
 G - an uncursed ring of see invisible
 N - the amulet "Rypaxerch" {Inacc +Inv rElec rN+ SInv, unknown}
   (You found it on level 9 of the Dungeon)

   [amulet of inaccuracy]

   It reduces the accuracy of all your attacks.
   It insulates you from electricity.
   It protects you from negative energy.
   It lets you see invisible.
   It lets you turn invisible.
 O - the amulet "Yreav" {rF++ rN+ Regen+ Dex+2 Stlth-, unknown}
   (You found it on level 9 of the Dungeon)

   [amulet of regeneration]

   It affects your dexterity (+2).
   It greatly protects you from fire.
   It protects you from negative energy.
   It increases your rate of regeneration.
   It makes you less stealthy.
Wands
 M - a wand of paralysis (6)
Scrolls
 c - a scroll of amnesia {unknown}
 d - 6 scrolls of teleportation
 i - 6 scrolls of fog
 k - 5 scrolls of remove curse
 l - a scroll of fear {unknown}
 m - 4 scrolls of immolation {unknown}
 q - a scroll of enchant weapon {unknown}
 t - 6 scrolls of identify {unknown}
 v - 5 scrolls of random uselessness {unknown}
 x - 3 scrolls of blinking {unknown}
 A - a scroll of magic mapping {unknown}
 L - a scroll of silence {unknown}
Potions
 a - a potion of resistance {unknown}
 b - a potion of heal wounds
 g - 2 potions of flight {unknown}
 h - 3 potions of curing
 n - 3 potions of stabbing {unknown}
 o - a potion of mutation {unknown}
 p - 2 potions of brilliance {unknown}
 r - 3 potions of might {unknown}
 s - 2 potions of haste
 F - a potion of ambrosia {unknown}


   Skills:
 - Level 3.0 Armour
 + Level 8.0 Dodging
 + Level 7.1 Stealth
 + Level 5.6 Spellcasting
 + Level 3.3 Conjurations
 + Level 4.1 Summonings
 * Level 10.1 Ice Magic
 + Level 1.8 Evocations


You had 5 spell levels left.
You knew the following spells:

 Your Spells              Type           Power        Failure   Level
a - Freeze                Ice            ####         1%          1
b - Frozen Ramparts       Ice            #####.       1%          3
c - Ozocubu's Armour      Ice            #####...     1%          3
d - Hailstorm             Conj/Ice       ####....     12%         4
e - Summon Ice Beast      Ice/Summ       ####....     10%         4

Your spell library contained the following spells:

 Spells                   Type           Power        Failure   Level
 Shock                    Conj/Air       #...         10%         1
 Corpse Rot               Necr/Air       N/A          28%         2
 Sublimation of Blood     Necr           #.........   28%         2
 Static Discharge         Conj/Air       #.......     28%         3
 Dispel Undead            Necr           #.......     88%         4
 Lightning Bolt           Conj/Air       #.........   95%         5
 Agony                    Necr           #.......     99%         5
 Excruciating Wounds      Necr           #.........   99%         5
 Malign Gateway           Summ/Tloc      #.........   100%        7
 Monstrous Menagerie      Summ           #.........   100%        7
 Summon Greater Demon     Summ           #.........   100%        7
 Ignition                 Fire           #.........   100%        8
 Summon Horrible Things   Summ           #.........   100%        8
 Shatter                  Erth           #.........   100%        9
 Tornado                  Air            #.........   100%        9


Dungeon Overview and Level Annotations

Branches:
Dungeon (9/15)             Temple (1/1) D:7            Lair (0/6) D:8
  Sewer (visited)
    Orc: D:9-12

Altars:
Ashenzari
Cheibriados
Dithmenos
Elyvilon
Fedhas
Gozag
Hepliaklqana
Kikubaaqudgha
Makhleb
Nemelex Xobeh
Okawaru
Qazlal
Ru
Sif Muna
Trog
Uskayaw
Vehumet
Wu Jian
Xom
Yredelemnul
Zin
The Shining One

Shops:
D:6 *   D:7 (   D:8 =

Annotations:
D:6 3 runed translucent doors, Drevant2's ghost, novice OpCj


Message History

You hit the cyclops but do no damage.
The cyclops is lightly wounded.
The wall freezes the cyclops.
The cyclops hits you.
You hit the cyclops.
The cyclops is lightly wounded.
The wall freezes the cyclops.
The cyclops hits you!
You hit the cyclops.
The cyclops is moderately wounded.
The wall freezes the cyclops!
The cyclops hits you.
You barely miss the cyclops.
The cyclops is heavily wounded.
The wall freezes the cyclops.
The cyclops barely misses you.
You puncture the cyclops!
The cyclops is severely wounded.
The wall freezes the cyclops.
The cyclops hits you!!
You are too injured to fight recklessly!
You hit the cyclops.
The cyclops is almost dead.
The frozen ramparts melt away.
The cyclops hits you!!
You die...

<... ##...... ........
#...... ######### #......
##.......### #......
###...####...####.....>
###...###..###...###.....
##^...##.@....##.....#....
##....##..#C##..##....##...
#....##..##..##..##....####
#....#..##≈§..##..#....#
#...†#8.#..##..#.8#....#
#....#.^#.$⌠>..#..#....#
#....#..#§.)..≈#..#....#
#....#8.#..##§.#.8#
#...^#.^##...§##..#


You could see a cyclops.

Vanquished Creatures
  An ugly thing (D:9)
  2 hippogriffs (D:9)
  A wyvern (D:9)
  A hog (shapeshifter) (D:9)
  A yak (D:9)
  A warg (D:8)
  Purgy (Sewer)
  2 ice beasts (D:6)
  4 sky beasts
  2 eyes of draining (D:9)
  A necrophage (D:8)
  4 orc warriors
  2 ogres (D:6)
  3 centaurs
  6 bullfrogs
  A water moccasin zombie (D:5)
  3 scorpions
  4 wights (D:6)
  4 howler monkeys
  2 jellies
  2 hounds
  2 bullfrog skeletons
  2 centaur skeletons
  4 orc priests
  6 orc wizards
  An iguana (D:8)
  5 worker ants
  8 adders
  A shadow imp (D:7)
  3 white imps
  2 ufetubi
  An adder zombie (D:9)
  An adder skeleton (D:4)
  2 worms (D:2)
  A dart slug (D:2)
  6 leopard geckos
  30 orcs
  2 ball pythons
  8 bats
  5 giant cockroaches
  9 hobgoblins
  8 jackals
  12 kobolds
  5 quokkas
  5 frilled lizards
  8 goblins
  A quokka skeleton (D:7)
  4 rats
190 creatures vanquished.

Vanquished Creatures (collateral kills)
  An orc warrior (D:7)
  An ogre (D:9)
  A shadow imp (D:9)
3 creatures vanquished.

Vanquished Creatures (others)
  A plant (D:8)
1 creature vanquished.

Grand Total: 194 creatures vanquished

Notes
Turn   | Place    | Note
-------+----------+-------------------------------------------
     0 | D:1      | ANON1729 the Merfolk Ice Elementalist began the quest for
                  | the Orb.
     0 | D:1      | Reached XP level 1. HP: 13/13 MP: 3/3
   124 | D:1      | Reached XP level 2. HP: 8/19 MP: 0/5
  1023 | D:2      | Reached XP level 3. HP: 13/24 MP: 0/6
  1884 | D:2      | Reached skill level 5 in Ice Magic
  2403 | D:3      | Found a glowing drain.
  2406 | D:3      | Reached XP level 4. HP: 30/30 MP: 7/7
  2447 | Sewer    | Entered a sewer
  2608 | Sewer    | Noticed Purgy
  2707 | Sewer    | Killed Purgy
  2707 | Sewer    | Reached XP level 5. HP: 23/35 MP: 1/9
  2861 | D:3      | Reached XP level 6. HP: 27/41 MP: 1/10
  3436 | D:4      | Reached skill level 6 in Ice Magic
  3732 | D:3      | Learned a level 3 spell: Frozen Ramparts
  3736 | D:3      | Learned a level 3 spell: Ozocubu's Armour
  3741 | D:3      | Learned a level 4 spell: Hailstorm
  4070 | D:4      | Reached skill level 1 in Armour
  4070 | D:4      | Reached XP level 7. HP: 39/46 MP: 5/11
  4259 | D:5      | Entered Level 5 of the Dungeon
  4280 | D:5      | Found a blossoming altar of Fedhas.
  4377 | D:5      | Reached skill level 5 in Dodging
  4413 | D:5      | Reached skill level 7 in Ice Magic
  4631 | D:5      | Found a sacrificial altar of Ru.
  4703 | D:5      | Reached XP level 8. HP: 35/52 MP: 13/13
  4923 | D:6      | Reached skill level 5 in Stealth
  5035 | D:6      | Learned a level 4 spell: Summon Ice Beast
  5240 | D:6      | Found Tewneocs's General Store.
  5245 | D:6      | Bought a scroll of fog for 28 gold pieces
  5245 | D:6      | Bought a potion of degeneration for 14 gold pieces
  5254 | D:6      | Bought a potion of haste for 140 gold pieces
  5329 | D:6      | Found a shadowy altar of Dithmenos.
  5410 | D:6      | Found a runed translucent gate.
  5411 | D:6      | Found a runed translucent gate.
  5503 | D:6      | Found a runed translucent gate.
  5504 | D:6      | Noticed Drevant2's ghost (novice OpCj)
  5604 | D:6      | Reached skill level 1 in Summonings
  5620 | D:6      | Reached skill level 1 in Conjurations
  5620 | D:6      | Reached skill level 8 in Ice Magic
  5704 | D:6      | Found a glowing golden altar of the Shining One.
  5857 | D:6      | Got a creamy pearl robe
  5868 | D:6      | Identified the cursed +0 robe of Amorality {rCorr} (You
                  | found it on level 6 of the Dungeon)
  5928 | D:7      | Found a stormy altar of Qazlal.
  6011 | D:7      | Found a shimmering blue altar of Sif Muna.
  6012 | D:7      | Found a shattered altar of Ashenzari.
  6015 | D:7      | Found an ornate altar of the Wu Jian Council.
  6166 | D:7      | Reached XP level 9. HP: 57/57 MP: 15/15
  6408 | D:7      | Found Duseuru's Weapon Boutique.
  6682 | D:7      | Found a staircase to the Ecumenical Temple.
  6703 | Temple   | Entered the Ecumenical Temple
  6852 | Temple   | Became a worshipper of Vehumet
  7352 | D:8      | Found a staircase to the Lair.
  7589 | D:8      | Found Aqievax's Jewellery Shoppe.
  7651 | D:8      | Bought a cursed ring of teleportation for 54 gold pieces
  7651 | D:8      | Bought a cursed amulet of inaccuracy for 24 gold pieces
  7705 | D:8      | Reached skill level 9 in Ice Magic
  7922 | D:8      | Reached skill level 5 in Spellcasting
  8236 | D:9      | Reached XP level 10. HP: 34/63 MP: 13/17
  8268 | D:9      | Noticed a cyan ugly thing
  8278 | D:9      | Reached * piety under Vehumet
  8278 | D:9      | Offered knowledge of Shock by Vehumet.
  8282 | D:9      | Killed a cyan ugly thing
  8282 | D:9      | Reached skill level 1 in Evocations
  8384 | D:9      | Got a crude bone amulet
  8393 | D:9      | Got a fine platinum amulet
  8638 | D:9      | Reached skill level 10 in Ice Magic
  8771 | D:9      | Noticed a cyclops
  8789 | D:9      | Mangled by a cyclops

Illustrated notes

Levels and vault maps discovered:
D:1:      saegor_arrival_under_anarchy, layout_rooms
D:2:      layout_loops_corners
D:3:      layout_basic, portal_sewer_entry_f
D:4:      layout_cave_pods
D:5:      minmay_angry_zag, layout_rooms, nicolae_ru_great_annihilating_truth,
          basic_altar
D:6:      layout_basic, tso_oasis_becter, lemuel_coloured_pillars_altar,
          serial_shops, kennysheep_little_box, gammafunk_ghost_necromancy
D:7:      layout_cave_pods, overflow_temple_1_default, minitemple,
          minmay_temple_entry_drinking_statues, serial_glass, glass_columns_c,
          glass_columns_a, minmay_strange_pillars, feat_on_display,
          minmay_strange_pillars, minmay_strange_pillars, serial_shops,
          kennysheep_mini_moat
D:8:      layout_cave_pools, erik_lair_orcish_takeover, serial_shops,
          shop_fountains
D:9:      minmay_the_grid_four_pointed_star_mashed
          [minmay_the_grid_triangle_9x9_empty,
          minmay_the_grid_triangle_9x9_limited_checkers,
          minmay_the_grid_triangle_9x9_zippers_horizontal,
          minmay_the_grid_triangle_9x9_wacky_v,
          minmay_the_grid_prize_four_corners_diamond_a], layout_rooms,
          david_orc_2, nzn_random_ring
Temple:   regret_index_temple_waves

Skill      XL: |  1  2  3  4  5  6  7  8  9 10 |
---------------+-------------------------------+-----
Dodging        | 3 4 5 6 7 8 |  8.0
Ice Magic      | 5 6 7 8 9 10 | 10.1
Stealth        | 3 4 5 6 7 |  7.1
Spellcasting   | 3 4 5 |  5.6
Armour         | 1 2 3 |  3.0
Summonings     | 1 3 4 |  4.1
Conjurations   | 1 2 3 |  3.3
Evocations     | 1 |  1.8

Action                   |  1- 3 |  4- 6 |  7- 9 | 10-12 || total
-------------------------+-------+-------+-------+-------++-------
Melee: Unarmed           |    26 |       |       |       ||    26
       Tailslap          |     2 |     1 |       |       ||     3
       Whip              |    10 |       |       |       ||    10
       Spear             |    62 |   162 |   154 |       ||   378
       Halberd           |       |       |   237 |    89 ||   326
       Dagger            |       |       |     1 |       ||     1
 Cast: Freeze            |    26 |    16 |    28 |     5 ||    75
       Frozen Ramparts   |       |     4 |    19 |     5 ||    28
       Ozocubu's Armour  |       |     1 |     8 |     1 ||    10
       Hailstorm         |       |     1 |       |       ||     1
       Summon Ice Beast  |       |       |     2 |     3 ||     5
Evoke: Wand              |       |       |       |     1 ||     1
  Use: Potion            |       |       |     4 |       ||     4
       Scroll            |       |       |     3 |       ||     3
 Stab: Sleeping          |     7 |     9 |    11 |       ||    27
       Distracted        |     1 |     1 |     1 |       ||     3
       Paralysed         |       |       |     1 |       ||     1
Armor: Robe              |    19 |     6 |       |       ||    25
       Troll leather arm |       |    32 |    68 |    15 ||   115
Dodge: Dodged            |    96 |   129 |   475 |   126 ||   826

Table legend: (Time is in decaauts)
 A = Elapsed time spent in this place.
 B = Non-inter-level travel time spent in this place.
 C = Inter-level travel time spent in this place.
 D = Time resting spent in this place.
 E = Time spent auto-exploring this place.
 F = Levels seen in this place.
 G = Mean time per level.
                   A        B        C        D        E       F      G
               +--------+--------+--------+--------+--------+-----+--------+
         Total |   8949 |   8547 |    402 |   1464 |   4939 |  11 |  813.5 |
       Dungeon |   8406 |   8090 |    316 |   1408 |   4688 |   9 |  934.0 |
        Temple |    200 |    115 |     85 |      0 |    109 |   1 |  200.0 |
         Sewer |    342 |    342 |      0 |     56 |    141 |   1 |  342.0 |
               +--------+--------+--------+--------+--------+-----+--------+

Top non-repeatable levels by time:
     D:2: 1207 daAuts
     D:7: 1089 daAuts
     D:1: 1012 daAuts
     D:6: 996 daAuts
     D:8: 899 daAuts
     D:4: 879 daAuts
     D:9: 834 daAuts
     D:3: 820 daAuts
     D:5: 665 daAuts
   Sewer: 342 daAuts
  Temple: 200 daAuts
